 Dungeon Crawl Stone Soup version 0.29-a0-1009-g60c99734e7 (webtiles) character file.

Game seed: 10941722957210454974

775 leavemydog the Conjurer (level 7, -3/36 HPs)
             Began as a Deep Elf Conjurer on Aug 8, 2022.
             Slain by an iguana (9 damage)
             ... on level 5 of the Dungeon.
             The game lasted 00:05:23 (5415 turns).

leavemydog the Conjurer (Deep Elf Conjurer)         Turns: 5415, Time: 00:05:24

Health: -3/36      AC:  2    Str:  4    XL:     7   Next: 54%
Magic:  15/28      EV: 12    Int: 25    God:
Gold:   361        SH:  0    Dex: 13    Spells: 13/20 levels left

rFire   . . .      SeeInvis .   g - +1 short sword (elec)
rCold   . . .      Faith    .   (no shield)
rNeg    . . .      Spirit   .   a - +0 robe
rPois   .          Reflect  .   (no helmet)
rElec   +          Harm     .   (no cloak)
rCorr   .          Rampage  .   (no gloves)
Will    +....                   (no boots)
Stlth   ++........              (no amulet)
HPRegen 0.12/turn               m - ring of magical power
MPRegen 0.21/turn               (no ring)

@: lethally poisoned (-3 -> -9), flying
A: strong-willed 1, electricity resistance
a: no special abilities


You were on level 5 of the Dungeon.
You visited 1 branch of the dungeon, and saw 5 of its levels.

You collected 361 gold pieces.

Inventory:

Hand Weapons
 g - a +1 short sword of electrocution (weapon)
Missiles
 c - a throwing net
 k - 5 poisoned darts
Armour
 a - a +0 robe (worn)
Jewellery
 m - a ring of magical power (left hand)
Scrolls
 d - 2 scrolls of immolation
 e - 2 scrolls of magic mapping {unknown}
 f - a scroll of fear {unknown}
 h - 4 scrolls of amnesia
 i - 4 scrolls of teleportation
 j - a scroll of enchant armour {unknown}
 l - 3 scrolls of enchant weapon {unknown}
 o - a scroll of poison {unknown}
Potions
 b - a potion of magic
 n - a potion of brilliance
 p - 2 potions of attraction


   Skills:
 - Level 2.4 Dodging
 - Level 2.4 Stealth
 + Level 7.3 Spellcasting
 + Level 7.8 Conjurations
 * Level 3.3 Translocations


You had 13 spell levels left.
You knew the following spells:

 Your Spells              Type           Power      Damage    Failure   Level
a - Magic Dart            Conj           100%       1d8       1%          1
b - Searing Ray           Conj           96%        2d7       1%          2
c - Iskenderun's Mystic   Conj/Tloc      36%        2d9       7%          4

Your spell library contained the following spells:

 Spells                   Type           Power      Damage    Failure   Level
 Apportation              Tloc           50%        N/A       1%          1
 Dazzling Flash           Conj/Hex       56%        N/A       4%          3
 Necrotise                Necr           36%        1d5       6%          1
 Summon Small Mammal      Summ           36%        N/A       6%          1
 Fulminant Prism          Conj/Hex       14%        3d9       13%         4


Dungeon Overview and Level Annotations

Branches:
Dungeon (5/15)
 Temple: D:4-7

Altars:

Shops:
D:2 :

Annotations:
D:4 2 transporters, bear's ghost, amateur MiFi


Innate Abilities, Weirdness & Mutations

You are strong-willed. (Will+)
You are resistant to electric shocks. (rElec)


Message History

The water moccasin bites you!
You are poisoned.
The water moccasin poisons you!
The searing ray hits the water moccasin!
The water moccasin is almost dead.
You feel very sick. The water moccasin bites you.
You are lethally poisoned!
The water moccasin poisons you!
An iguana comes into view.
The searing ray misses the water moccasin.
You finish channelling your searing ray.
You feel very sick. The water moccasin barely misses you.
The water moccasin closely misses you.
Casting: Searing Ray (safe; 1% risk of failure)
Confirm with . or Enter, or press ? or * to list all spells.
Aiming: Searing Ray (safe; 1% risk of failure)
Press: ? - help, Shift-Dir - straight line, f - iguana, p - water moccasin
Aim: an iguana (wandering, hasn't noticed you, 84% to hit)
The searing ray misses the water moccasin.
The searing ray misses the iguana. (Press . to maintain the ray.)
You feel very sick. The water moccasin barely misses you.
The searing ray hits the water moccasin!
You kill the water moccasin!
The searing ray hits the iguana.
The iguana is moderately wounded.
* * * LOW HITPOINT WARNING * * *
You feel very sick.
The searing ray hits the iguana.
The iguana is heavily wounded.
* * * LOW HITPOINT WARNING * * *
You feel sick.
It was a potion of flight.
You feel very buoyant.
You fly up into the air.
* * * LOW HITPOINT WARNING * * *
You feel sick. The iguana bites you!
You die...

#. .♣ ..##
..+# ...##
##########...
###.......##l#
#....####...@#
#....# ######
#....####
#....'..#
#....##.#
#######.#
###'#####
#.......#
#.......#


You could see an iguana.

Vanquished Creatures
  Sigmund (D:5)
  2 water moccasins (D:5)
  An ogre (D:5)
  A scorpion (D:4)
  Terence (D:3)
  3 iguanas
  3 river rats (D:3)
  5 adders
  A worm (D:2)
  2 dart slugs
  5 orcs
  2 ball pythons (D:1)
  4 bats
  8 endoplasms
  7 giant cockroaches
  12 goblins
  10 hobgoblins
  7 kobolds
  5 quokkas
  2 frilled lizards (D:1)
  3 rats
85 creatures vanquished.

Notes
Turn   | Place    | Note
-------+----------+-------------------------------------------
     0 | D:1      | leavemydog the Deep Elf Conjurer began the quest for the
                  | Orb.
     0 | D:1      | Reached XP level 1. HP: 10/10 MP: 6/6
   231 | D:1      | Reached XP level 2. HP: 15/15 MP: 2/8
   234 | D:1      | Learned a level 2 spell: Searing Ray
   378 | D:1      | Reached skill level 5 in Conjurations
   633 | D:1      | Reached XP level 3. HP: 19/19 MP: 6/9
  1258 | D:2      | Found Tyuteuh's Book Shoppe.
  1529 | D:2      | Found a faded altar of an unknown god.
  2353 | D:3      | Gained mutation: You are resistant to electric shocks.
                  | (rElec) [potion of mutation]
  2353 | D:3      | Gained mutation: You are strong-willed. (Will+) [potion of
                  | mutation]
  2605 | D:3      | Reached XP level 4. HP: 24/24 MP: 11/11
  2641 | D:3      | Learned a level 4 spell: Iskenderun's Mystic Blast
  2708 | D:3      | Noticed Terence
  2721 | D:3      | Killed Terence
  3376 | D:3      | Reached skill level 1 in Translocations
  3376 | D:3      | Reached XP level 5. HP: 22/28 MP: 13/13
  3981 | D:4      | Found a transporter.
  3984 | D:4      | Noticed bear's ghost (amateur MiFi)
  3993 | D:4      | Found a transporter.
  4153 | D:4      | Reached skill level 5 in Spellcasting
  4190 | D:4      | Reached XP level 6. HP: 5/32 MP: 9/16
  4797 | D:5      | Entered Level 5 of the Dungeon
  4873 | D:5      | Noticed Sigmund
  4881 | D:5      | Killed Sigmund
  5118 | D:5      | Noticed a water moccasin
  5122 | D:5      | Killed a water moccasin
  5123 | D:5      | Reached XP level 7. HP: 19/36 MP: 19/19
  5415 | D:5      | Slain by an iguana

Illustrated notes

Levels and vault maps discovered:
D:1:      scummos_arrival_forest, layout_loops_ring, minmay_pentomino_x4
D:2:      layout_basic, shapermc_ecumenical_altar_ellora, serial_shops,
          nicolae_shop_waterfront, amcnicky_mini_rare_corridor_liquid
D:3:      layout_loops_cross, gup_sewer_entry_spiral, uniq_terence
D:4:      cheibrodos_greedy_goblins, layout_gridville, gammafunk_ghost_mausoleum
D:5:      layout_basic, nicolae_overflow_quartered_altars, uniq_edmund,
          uniq_sigmund

Skill      XL: |  1  2  3  4  5  6  7 |
---------------+----------------------+-----
Conjurations   | 5 6 7 |  7.8
Spellcasting   | 4 5 6 7 |  7.3
Translocations | 1 2 3 |  3.3
Dodging        | |  2.4
Stealth        | |  2.4

Action                   |  1- 3 |  4- 6 |  7- 9 || total
-------------------------+-------+-------+-------++-------
Melee: Short sword       |       |     2 |       ||     2
 Cast: Magic Dart        |    76 |    88 |     6 ||   170
       Searing Ray       |       |    11 |     3 ||    14
       Iskenderun's Myst |       |     1 |       ||     1
  Use: Scroll            |     5 |     2 |       ||     7
       Potion            |     1 |     2 |     1 ||     4
Armor: Robe              |       |     6 |     1 ||     7
Dodge: Dodged            |     2 |    37 |     6 ||    45

Table legend: (Time is in decaauts)
 A = Elapsed time spent in this place.
 B = Non-inter-level travel time spent in this place.
 C = Inter-level travel time spent in this place.
 D = Time resting spent in this place.
 E = Time spent auto-exploring this place.
 F = Levels seen in this place.
 G = Mean time per level.
                   A        B        C        D        E       F      G
               +--------+--------+--------+--------+--------+-----+--------+
         Total |   5451 |   5295 |    156 |   1211 |   3694 |   5 | 1090.2 |
       Dungeon |   5451 |   5295 |    156 |   1211 |   3694 |   5 | 1090.2 |
               +--------+--------+--------+--------+--------+-----+--------+

Top non-repeatable levels by time:
     D:3: 1378 daAuts
     D:4: 1242 daAuts
     D:2: 1220 daAuts
     D:1: 991 daAuts
     D:5: 617 daAuts
